 Dungeon Crawl Stone Soup version 0.21.0-37-g46506fa (webtiles) character file.

31001 doot the Arsonist (level 13, -34/101 HPs)
             Began as a Purple Draconian Fire Elementalist on Jan 31, 2018.
             Was a Priest of Vehumet.
             Annihilated by a white ugly thing (35 damage)
             ... on level 10 of the Dungeon.
             The game lasted 01:15:43 (21581 turns).

doot the Arsonist (DrFE)                           Turns: 21581, Time: 01:15:44

Health: -34/101    AC:  9    Str: 11    XL:     13   Next: 23%
Magic:  41/43      EV: 16    Int: 21    God:    Vehumet [***...]
Gold:   793        SH:  0    Dex: 17    Spells: 12/34 levels left

rFire    . . .     SeeInvis +   a - staff of power
rCold    . . .     Gourm    .   (no shield)
rNeg     . . .     Faith    .   (armour unavailable)
rPois    .         Spirit   .   (helmet restricted)
rElec    .         Reflect  .   (no cloak)
rCorr    .         Harm     .   F - +0 pair of gloves
MR       +....                  (no boots)
Stlth    +++.......             (no amulet)
HPRegen  0.26/turn              R - +6 ring of dexterity
MPRegen  0.28/turn              B - ring of see invisible

@: about to teleport, very slightly contaminated, slowed, very slow
A: breathe power, unfitting armour, cold-blooded, AC +8
a: Breathe Dispelling Energy, Renounce Religion


You were on level 10 of the Dungeon.
You worshipped Vehumet.
Vehumet was most pleased with you.
You were not hungry.

You visited 3 branches of the dungeon, and saw 18 of its levels.

You collected 793 gold pieces.

Inventory:

Hand Weapons
 b - the +8 spear of Quarrel {pierce, rElec rF- Dex+8}
   (You found it on level 9 of the Dungeon)

   It inflicts extra damage upon your enemies.
   It affects your dexterity (+8).
   It makes you vulnerable to fire.
   It insulates you from electricity.
 S - a +4 scythe of venom
Missiles
 l - 15 javelins (quivered)
Armour
 F - a +0 pair of gloves (worn)
Magical Staves
 a - an uncursed staff of power (weapon)
 e - an uncursed staff of summoning
Jewellery
 o - an uncursed ring of protection from magic
 B - a ring of see invisible (right hand)
 R - a +6 ring of dexterity (left hand)
Wands
 u - a wand of disintegration (20)
 y - a wand of acid (18)
 A - a wand of flame (70)
 I - a wand of iceblast (24)
 J - a wand of digging (7)
 V - a wand of random effects (34)
Scrolls
 f - 6 scrolls of amnesia
 h - 2 scrolls of enchant weapon
 m - 7 scrolls of remove curse
 n - 3 scrolls of magic mapping
 s - 2 scrolls of noise
 z - 9 scrolls of identify
 D - 2 scrolls of fear {unknown}
 E - 2 scrolls of enchant armour {unknown}
 G - 2 scrolls of fog
 O - a scroll of immolation
 T - 2 scrolls of summoning {unknown}
 X - a scroll of vulnerability {unknown}
Potions
 c - 2 potions of lignification {unknown}
 d - a potion of resistance {unknown}
 g - 9 potions of curing
 i - 2 potions of brilliance {unknown}
 k - 4 potions of berserk rage
 q - 2 potions of ambrosia {unknown}
 r - 3 potions of magic {unknown}
 t - 3 potions of mutation {unknown}
 w - 2 potions of flight
 L - a potion of invisibility {unknown}
 N - a potion of cancellation {unknown}
 Q - 2 potions of heal wounds
 Y - a potion of might {unknown}
Books
 x - a book of Flames

   Spells                             Type                      Level
   a - Flame Tongue                   Conjuration/Fire             1
   b - Throw Flame                    Conjuration/Fire             2
   c - Conjure Flame                  Conjuration/Fire             3
   d - Inner Flame                    Hexes/Fire                   3
   e - Sticky Flame                   Conjuration/Fire             4
   f - Fireball                       Conjuration/Fire             5
 C - a book of Conjurations

   Spells                             Type                      Level
   a - Magic Dart                     Conjuration                  1
   b - Searing Ray                    Conjuration                  2
   c - Dazzling Spray                 Conjuration/Hexes            3
   d - Fulminant Prism                Conjuration/Hexes            4
   e - Force Lance                    Conjuration/Translocation    4
   f - Iskenderun's Mystic Blast      Conjuration                  4
 M - a book of Cantrips

   Spells                             Type                      Level
   a - Confusing Touch                Hexes                        1
   b - Animate Skeleton               Necromancy                   1
   c - Summon Small Mammal            Summoning                    1
   d - Apportation                    Translocation                1
 W - a Young Poisoner's Handbook

   Spells                             Type                      Level
   a - Sting                          Conjuration/Poison           1
   b - Poisonous Vapours              Poison/Air                   2
   c - Mephitic Cloud                 Conjuration/Poison/Air       3
   d - Olgreb's Toxic Radiance        Poison                       4
   e - Venom Bolt                     Conjuration/Poison           5
Miscellaneous
 U - a lightning rod (4/4)
 Z - a lightning rod (4/4)
Comestibles
 K - 29 rations


   Skills:
 + Level 5.4 Fighting
   Level 1.5 Short Blades
   Level 1.5(5.1) Axes
   Level 1.2(1.7) Maces & Flails
 + Level 7.5(7.6) Polearms
 + Level 0.6 Throwing
 + Level 6.2 Dodging
 + Level 6.0 Stealth
 + Level 0.3 Unarmed Combat
 + Level 11.4 Spellcasting
 + Level 8.9 Conjurations
 + Level 1.9 Hexes
 * Level 13.0 Fire Magic
 + Level 0.3 Air Magic
 + Level 0.5 Poison Magic


You had 12 spell levels left.
You knew the following spells:

 Your Spells              Type           Power        Failure   Level  Hunger
a - Flame Tongue          Conj/Fire      #####        1%          1    None
b - Sticky Flame          Conj/Fire      ######..     1%          4    #......
c - Conjure Flame         Conj/Fire      ######..     1%          3    None
d - Inner Flame           Hex/Fire       #####...     1%          3    None
e - Fireball              Conj/Fire      ######....   1%          5    ####...
f - Dazzling Spray        Conj/Hex       ####..       1%          3    None
g - Mephitic Cloud        Conj/Pois/Air  ####....     1%          3    None


Dungeon Overview and Level Annotations

Branches:
Dungeon (11/15)            Temple (1/1) D:6            Lair (6/6) D:9
 Shoals (0/4) Lair:3       Spider (0/4) Lair:4          Orc (0/2) D:11
  Slime: Lair:5-6

Altars:
Ashenzari
Cheibriados
Dithmenos
Elyvilon
Fedhas
Gozag
Kikubaaqudgha
Makhleb
Nemelex Xobeh
Okawaru
Qazlal
Ru
Sif Muna
Trog
Vehumet
Xom
Yredelemnul
The Shining One

Shops:
D:7 }   D:8 *

Annotations:
D:4 Edmund, Eustachio
D:6 Quirk's ghost, novice GnFi
Lair:6 Amaterasu's ghost, journeyman FoFi


Innate Abilities, Weirdness & Mutations

You can breathe bolts of dispelling energy.
Your rich purple scales are hard. (AC +8)
You cannot fit into any form of body armour.
You are cold-blooded and may be slowed by cold attacks.


Message History

You are very lightly contaminated with residual magic.
As you read the scroll of blinking, it crumbles to dust.
You feel yourself speed up.
You see here a flail.
There is a stone staircase leading up here.
The white ugly thing kicks you!
* * * LOW HITPOINT WARNING * * *
The white ugly thing freezes you!
You feel yourself slow down.
* * * LOW HITPOINT WARNING * * *
You climb upwards.
You feel yourself speed up.
There is a stone staircase leading down here.
As you read the scroll of teleportation, it crumbles to dust.
You feel strangely unstable.
The white ugly thing kicks you but does no damage.
Unknown command.
The white ugly thing kicks you!
* * * LOW HITPOINT WARNING * * *
The white ugly thing freezes you!!
You feel yourself slow down.
You die...

#.# #.# #.# #.#
#.# #.# #.# #.#
#.# #.#
#.#########.######
#.................
#.#########.#.....
#@#########.#)....
#>u...............
#.#########.#.....
#.# #..........
#.# ####..#####
#.# #[).#
#.#########.#.####
#.........(.......
#.####....#.##.###


You could see a white ugly thing.

Vanquished Creatures
  Harold (Lair:3)
  3 hydras
  2 two-headed ogres
  The ghost of Quirk the Blocker, a novice GnFi of Ashenzari (D:10)
  Urug (Lair:4)
  The ghost of Monsterracer the Gouger, a journeyman FeBe of Trog (Lair:4)
  Nergalle (Lair:1)
  A lindwurm (Lair:4)
  Pikel (D:4)
  A cyclops (D:10)
  6 elephants (Lair:3)
  3 black mambas
  A gargoyle (D:10)
  5 spiny frogs
  5 komodo dragons
  A polar bear (Lair:4)
  2 trolls (D:10)
  A wind drake (Lair:6)
  2 hornets
  Grinder (D:3)
  2 jumping spiders (Lair:4)
  9 blink frogs (Lair:5)
  4 hippogriffs
  6 dream sheep (Lair:5)
  A snapping turtle (Lair:3)
  Sigmund (D:5)
  A wyvern (Lair:3)
  17 yaks
  4 hogs (D:7)
  A human (D:7)
  3 basilisks
  6 water moccasins
  9 porcupines
  Duvessa (D:5)
  2 phantoms
  3 sky beasts
  An ice beast (D:8)
  2 slaves (D:4)
  3 black bears
  6 ogres
  10 wolves
  2 centaurs
  6 crocodiles
  19 bullfrogs
  Dowan (D:5)
  4 scorpions
  5 wights (D:9)
  9 killer bees
  10 howler monkeys
  6 crimson imps
  6 hounds
  2 jellies (D:10)
  3 orc priests
  A centaur skeleton (D:6)
  5 orc wizards
  A bullfrog skeleton (D:5)
  Jessica (D:2)
  2 iguanas
  Ijyb (D:5)
  4 hell rats (Lair:5)
  5 worker ants
  A hound zombie (D:5)
  2 hound skeletons
  A worker ant zombie (D:8)
  8 adders
  A shadow imp (D:8)
  An ooze (D:3)
  An adder zombie (D:6)
  3 adder skeletons
  4 worms
  2 dart slugs
  6 leopard geckos
  27 orcs
  8 bats
  5 giant cockroaches
  9 goblins
  9 hobgoblins
  26 jackals
  6 kobolds
  6 quokkas
  A ball python (D:4)
  5 frilled lizards
  A jackal skeleton (D:7)
  A quokka zombie (D:8)
  7 rats
366 creatures vanquished.

Vanquished Creatures (others)
  A hydra (Lair:6)
  A frilled lizard (D:4)
  2 fungi
  17 plants
21 creatures vanquished.

Grand Total: 387 creatures vanquished

Notes
Turn   | Place    | Note
-------+----------+-------------------------------------------
     0 | D:1      | doot the Draconian Fire Elementalist began the quest for the Orb.
     0 | D:1      | Reached XP level 1. HP: 14/14 MP: 3/3
   398 | D:1      | Reached XP level 2. HP: 19/22 MP: 3/5
  1174 | D:1      | Reached XP level 3. HP: 27/27 MP: 1/6
  1355 | D:2      | Found a white marble altar of Elyvilon.
  1410 | D:2      | Noticed Jessica
  1661 | D:2      | Reached skill level 4 in Fire Magic
  1884 | D:2      | Reached XP level 4. HP: 30/34 MP: 0/7
  1891 | D:2      | Killed Jessica
  1891 | D:2      | Reached skill level 1 in Fighting
  2181 | D:3      | Noticed Grinder
  2199 | D:2      | Learned a level 4 spell: Sticky Flame
  2332 | D:3      | Reached XP level 5. HP: 40/40 MP: 4/9
  2347 | D:3      | Learned a level 3 spell: Conjure Flame
  2646 | D:3      | Found an iron altar of Okawaru.
  2696 | D:3      | Killed Grinder
  2696 | D:3      | Reached skill level 1 in Short Blades
  2696 | D:3      | Reached XP level 6. HP: 45/47 MP: 5/10
  2740 | D:3      | Learned a level 3 spell: Inner Flame
  2850 | D:3      | Reached skill level 5 in Fire Magic
  3059 | D:3      | Found a snail-covered altar of Cheibriados.
  3117 | D:3      | Found a shadowy altar of Dithmenos.
  3570 | D:4      | Noticed Pikel
  3570 | D:4      | Noticed a slave
  3570 | D:4      | Noticed a slave
  3570 | D:4      | Noticed a slave
  3570 | D:4      | Noticed a slave
  3922 | D:4      | Killed a slave
  3922 | D:4      | Killed a slave
  3924 | D:4      | Killed Pikel
  3924 | D:4      | Your scales start taking on a rich purple colour.
  3924 | D:4      | Reached XP level 7. HP: 32/53 MP: 0/13
  3967 | D:4      | Reached skill level 6 in Fire Magic
  4066 | D:4      | Reached skill level 1 in Axes
  4069 | D:4      | Reached skill level 5 in Spellcasting
  4069 | D:4      | Reached XP level 8. HP: 48/61 MP: 2/15
  4290 | D:4      | Noticed Edmund
  4312 | D:5      | Entered Level 5 of the Dungeon
  4314 | D:5      | Noticed Eustachio
  4314 | D:5      | Noticed Ijyb
  4322 | D:4      | Found a sacrificial altar of Ru.
  4551 | D:5      | Noticed Sigmund
  4732 | D:5      | Killed Sigmund
  4804 | D:5      | Reached skill level 1 in Maces & Flails
  4851 | D:5      | Killed Ijyb
  4903 | D:5      | Learned a level 5 spell: Fireball
  4974 | D:5      | Reached skill level 7 in Fire Magic
  5022 | D:5      | Reached skill level 1 in Polearms
  5433 | D:5      | Noticed Duvessa
  5440 | D:5      | Noticed Dowan
  5446 | D:5      | Killed Duvessa
  5446 | D:5      | Reached XP level 9. HP: 55/68 MP: 11/17
  5450 | D:5      | Killed Dowan
  6070 | D:6      | Found a staircase to the Ecumenical Temple.
  6221 | Temple   | Entered the Ecumenical Temple
  6583 | D:6      | Found a sparkling altar of Nemelex Xobeh.
  6613 | D:6      | Noticed Quirk's ghost (novice GnFi)
  6783 | D:7      | Reached skill level 8 in Fire Magic
  7294 | D:7      | Found Wuwud's Gadget Shop.
  7413 | D:7      | Reached XP level 10. HP: 15/78 MP: 7/19
  8015 | D:7      | Reached skill level 5 in Polearms
  8188 | D:8      | Reached skill level 5 in Conjurations
  8201 | D:8      | Found an opulent altar of Gozag.
  8205 | D:8      | Found Gozag's Platinum Reserve.
  8223 | D:8      | Found a stormy altar of Qazlal.
  8271 | D:8      | Reached skill level 9 in Fire Magic
  8942 | D:8      | Noticed a two-headed ogre
  8949 | D:8      | Killed a two-headed ogre
  8949 | D:8      | Reached skill level 5 in Stealth
  8949 | D:8      | Reached skill level 1 in Hexes
  9338 | D:9      | Got an encrusted spear
  9339 | D:9      | Identified the +8 spear of Quarrel {pierce, rElec rF- Dex+8} (You found it on level 9 of the Dungeon)
  9599 | D:9      | Noticed a two-headed ogre
  9617 | D:9      | Killed a two-headed ogre
 10153 | D:9      | Found a staircase to the Lair.
 10286 | D:9      | Learned a level 3 spell: Dazzling Spray
 10317 | D:9      | Found a bloodstained altar of Trog.
 10633 | D:10     | Entered Level 10 of the Dungeon
 10754 | Temple   | Became a worshipper of Vehumet
 10888 | D:10     | Reached XP level 11. HP: 84/84 MP: 6/22
 10916 | D:10     | Noticed Quirk's ghost (novice GnFi)
 10932 | D:10     | Found the +4 skin of Zhor {rC+++}
 11493 | Lair:1   | Entered Level 1 of the Lair of Beasts
 11509 | Lair:1   | Noticed Nergalle
 11627 | Lair:1   | Reached skill level 10 in Fire Magic
 11645 | Lair:1   | Killed Nergalle
 11961 | Lair:1   | HP: 4/85 [poisoned by a spiny frog]
 11962 | Lair:1   | Reached skill level 5 in Dodging
 12815 | Lair:1   | Reached * piety under Vehumet
 12815 | Lair:1   | Offered knowledge of Shock by Vehumet.
 13840 | Lair:2   | Reached skill level 5 in Fighting
 14151 | Lair:2   | Noticed a seven-headed hydra
 14163 | Lair:2   | Killed a seven-headed hydra
 14163 | Lair:2   | Reached skill level 11 in Fire Magic
 14692 | Lair:3   | Reached XP level 12. HP: 72/94 MP: 25/25
 14858 | Lair:3   | Noticed Harold
 14876 | Lair:3   | Killed Harold
 15096 | Lair:3   | Learned a level 3 spell: Mephitic Cloud
 15446 | Lair:3   | Offered knowledge of Sandblast by Vehumet.
 15709 | Lair:3   | Found a staircase to the Shoals.
 15858 | Lair:3   | Reached ** piety under Vehumet
 16228 | Lair:4   | Noticed an eight-headed hydra
 16236 | Lair:4   | Killed an eight-headed hydra
 16474 | Lair:4   | Noticed Urug
 16480 | Lair:4   | Noticed Monsterracer's ghost (journeyman FeBe)
 16547 | Lair:4   | Killed Monsterracer's ghost
 16547 | Lair:4   | Reached skill level 10 in Spellcasting
 16893 | Lair:4   | Killed Urug
 16893 | Lair:4   | Reached skill level 12 in Fire Magic
 17353 | Lair:4   | Found a hole to the Spider Nest.
 17354 | Lair:4   | Noticed an eight-headed hydra
 17584 | Lair:4   | Killed an eight-headed hydra
 19132 | Lair:5   | Reached XP level 13. HP: 81/101 MP: 27/27
 19256 | Lair:5   | Offered knowledge of Static Discharge by Vehumet.
 19743 | Lair:6   | Entered Level 6 of the Lair of Beasts
 20090 | Lair:6   | Noticed Amaterasu's ghost (journeyman FoFi)
 20824 | D:10     | Reached *** piety under Vehumet
 21174 | D:10     | Killed Quirk's ghost
 21174 | D:10     | Reached skill level 13 in Fire Magic
 21581 | D:10     | HP: 1/101 [white ugly thing (17)]
 21581 | D:10     | Annihilated by a white ugly thing

Skill      XL: |  1  2  3  4  5  6  7  8  9 10 11 12 13 |
---------------+----------------------------------------+-----
Fire Magic     | 4 5 6 7 8 9 11 12 13 | 13.0
Dodging        | 2 3 4 5 6 |  6.2
Fighting       | 1 2 3 4 5 |  5.4
Stealth        | 2 3 4 5 6 |  6.0
Conjurations   | 2 3 4 5 7 8 |  8.9
Short Blades   | 1 |  1.5
Spellcasting   | 3 4 5 6 7 9 10 11 | 11.4
Axes           | 1 |  1.5
Maces & Flails | 1 |  1.2
Polearms       | 2 4 6 7 |  7.5
Hexes          | 1 |  1.9
Throwing       | |  0.6
Unarmed Combat | |  0.3
Air Magic      | |  0.3
Poison Magic   | |  0.5

Action                   |  1- 3 |  4- 6 |  7- 9 | 10-12 | 13-15 || total
-------------------------+-------+-------+-------+-------+-------++-------
Melee: Club              |    33 |       |       |       |       ||    33
       Tailslap          |     5 |     3 |    12 |    13 |     3 ||    36
       Unarmed           |     7 |       |       |       |       ||     7
       Dagger            |     3 |    23 |       |       |       ||    26
       Hand axe          |       |    18 |     6 |       |       ||    24
       Whip              |       |       |    35 |       |       ||    35
       Scythe            |       |       |   141 |    78 |     1 ||   220
       Spear             |       |       |       |   109 |     3 ||   112
       Staff             |       |       |       |    13 |     8 ||    21
Throw: Javelin           |       |     5 |     2 |       |     2 ||     9
 Cast: Flame Tongue      |    74 |    67 |    53 |   201 |    56 ||   451
       Sticky Flame      |       |     5 |    21 |   117 |    27 ||   170
       Conjure Flame     |       |     1 |     8 |    30 |     2 ||    41
       Inner Flame       |       |     1 |     5 |    15 |     2 ||    23
       Dazzling Spray    |       |       |       |     4 |       ||     4
       Mephitic Cloud    |       |       |       |     2 |     1 ||     3
       Fireball          |       |       |       |     1 |       ||     1
 Abil: Breathe Dispellin |       |       |     5 |     7 |     1 ||    13
  Use: Scroll            |     6 |     1 |     1 |     4 |     9 ||    21
       Potion            |       |       |       |     3 |     2 ||     5
 Stab: Sleeping          |     1 |     5 |     4 |     5 |       ||    15
       Distracted        |       |       |     2 |       |       ||     2
  Eat: Chunk             |     4 |     7 |    13 |    36 |     3 ||    63
       Ration            |       |       |     1 |     3 |     2 ||     6
Armor: Skin              |    38 |    21 |    83 |    91 |    16 ||   249
Dodge: Dodged            |    79 |    53 |   174 |   303 |    64 ||   673
